 Dungeon Crawl Stone Soup version 0.18-a0-888-g17a9b31 (webtiles) character file.

714 Jmtri7 the Skirmisher (level 7, -10/50 HPs)
             Began as a Lacertilian Artificer on Jan 1, 2016.
             Mangled by Menkaure (14 damage)
             ... on level 5 of the Dungeon.
             The game lasted 00:14:41 (4768 turns).

Jmtri7 the Skirmisher (Lacertilian Artificer)       Turns: 4768, Time: 00:14:41

Health: -10/50     AC: 16    Str: 12    XL:     7   Next: 69%
Magic:  8/8        EV:  4    Int: 12    God:
Gold:   173        SH:  0    Dex: 16    Spells: 0 memorised, 6 levels left

rFire  . . .     SeeInvis .     u - +0 halberd
rCold  . . .     Gourm    .     l - +0 plate armour
rNeg   + . .     Faith    +     (shield currently unavailable)
rPois  .         Spirit   .     (no helmet)
rElec  .         Dismiss  .     w - +0 cloak
rCorr  .         Reflect  .     (no gloves)
SustAt .         Harm     .     (no boots)
MR     .....                    (no amulet)
Stlth  ..........               (no ring)
                                C - ring of positive energy

@: not resistant to hostile enchantments, extremely unstealthy
A: faith, no wrath for changing religions, slimy green scales 2, camouflage 2,
cold-blooded
a: no special abilities


You were on level 5 of the Dungeon.
You were near starving.

You visited 1 branch of the dungeon, and saw 5 of its levels.

You collected 173 gold pieces.

Inventory:

Hand Weapons
 u - a +0 halberd (weapon)
Missiles
 i - 37 arrows
 p - 25 poisoned needles
 D - 14 bolts
Armour
 l - a +0 plate armour (worn)
 w - a +0 cloak (worn)
Jewellery
 C - a ring of positive energy (left hand)
Wands
 c - a wand of flame (0/48)
 d - a wand of enslavement (5/24)
 e - a wand of random effects (15/48)
 r - a wand of flame (0/48)
Scrolls
 b - a scroll of magic mapping {unknown}
 f - a scroll of teleportation {unknown}
 g - 5 scrolls of identify {unknown}
 h - a scroll of enchant armour {unknown}
 j - 3 scrolls of blinking {unknown}
 m - 3 scrolls of remove curse {unknown}
 q - a scroll of enchant weapon {unknown}
 s - a scroll of random uselessness {unknown}
 y - a scroll of immolation {unknown}
Potions
 a - a potion of curing {unknown}
 k - a potion of heal wounds
 n - a potion of flight {unknown}
 o - a potion of lignification {unknown}
 t - a potion of brilliance {unknown}
 x - a potion of poison {unknown}
 z - a potion of haste {unknown}
 A - a potion of resistance {unknown}
 B - a potion of mutation {unknown}
Comestibles
 v - a meat ration


   Skills:
 + Level 5.3 Fighting
   Level 0.7 Short Blades
 * Level 1.0 Polearms
 + Level 4.5 Armour
 - Level 2.0 Dodging
 - Level 1.2 Stealth
 - Level 3.0 Evocations


You had 6 spell levels left.
You didn't know any spells.

Dungeon Overview and Level Annotations

Branches:
Dungeon (5/15)
 Temple: D:4-7

Altars:
Sif Muna

Annotations:
D:5 Menkaure


Innate Abilities, Weirdness & Mutations

You have a strong connection with the divine.
You may change religions without incurring divine wrath.
You are mostly covered in slimy green scales (AC +3).
Your skin blends seamlessly with your surroundings (Stealth).
You are cold-blooded and may be slowed by cold attacks.


Message History

The quokka bites you.
* * * LOW HITPOINT WARNING * * *
An orc comes into view. It is wielding a flail.
You drop a wand of enslavement (5/24).
The sentinel's mark upon you fades away.
Menkaure calls on the powers of darkness!
Your body is wracked with pain!
* * * LOW HITPOINT WARNING * * *
The quokka convulses! x2
The adder zombie bites you but does no damage.
Your giant gecko bites Menkaure but does no damage.
The quokka bites you but does no damage.
Menkaure hits you.
* * * LOW HITPOINT WARNING * * *
d - a wand of enslavement (5/24)
The adder zombie bites you but does no damage.
Your giant gecko barely misses Menkaure.
The quokka bites you but does no damage. x2
Menkaure hits you!
You die...

#........##.###.....
#........##†###.....
#........##.#...#.##
#........##.#.#.#.#
#........##.#.#.#.#
####..#####.#.###.#.
#..o(....##.#.......
#####lZrr....##.#<..†...
......M@.....##.........
.####........##.........
#........##.........
#........##.........
#........#####......
####.##### ##..... #..
#..... ### ####.


You could see Menkaure, an orc, an adder zombie, 2 quokkas and a friendly giant
gecko.

Vanquished Creatures
  Purgy (D:4)
  3 ogres (D:4)
  2 hounds (D:5)
  An iguana (D:4)
  An orc priest (D:3)
  An orc wizard (D:3)
  3 worker ants (D:4)
  7 adders
  2 gnolls (D:3)
  6 giant geckos
  6 orcs (D:3)
  8 bats
  2 giant cockroaches
  2 goblins (D:3)
  5 hobgoblins
  16 jackals
  7 kobolds
  A quokka (D:3)
  A ball python (D:1)
  A ball python skeleton (D:5)
  6 giant newts
  3 rats
85 creatures vanquished.

Vanquished Creatures (collateral kills)
  2 orcs (D:3)
  A goblin (D:3)
  A hobgoblin (D:3)
  A quokka (D:3)
  A giant newt (D:4)
6 creatures vanquished.

Vanquished Creatures (others)
  2 gnolls (D:3)
  A hobgoblin (D:3)
3 creatures vanquished.

Grand Total: 94 creatures vanquished

Notes
Turn   | Place    | Note
--------------------------------------------------------------
     0 | D:1      | Jmtri7 the Lacertilian Artificer began the quest for the Orb.
     0 | D:1      | Reached XP level 1. HP: 12/12 MP: 2/2
    60 | D:1      | Reached skill level 1 in Fighting
   380 | D:1      | Reached XP level 2. HP: 13/18 MP: 3/3
   424 | D:2      | Reached skill level 1 in Armour
   697 | D:2      | Reached XP level 3. HP: 18/24 MP: 4/4
  1004 | D:2      | Found a deep blue altar of Sif Muna.
  1411 | D:3      | Reached XP level 4. HP: 13/30 MP: 5/5
  2032 | D:3      | Reached XP level 5. HP: 2/36 MP: 6/6
  2667 | D:3      | HP: 1/36 [poisoned by an adder]
  3242 | D:4      | Noticed an ogre
  3277 | D:4      | Killed an ogre
  3277 | D:4      | Reached skill level 4 in Fighting
  3277 | D:4      | Reached XP level 6. HP: 17/43 MP: 7/7
  3922 | D:4      | Noticed Purgy
  3944 | D:4      | Killed Purgy
  3944 | D:4      | Gained mutation: Your skin blends seamlessly with your surroundings (Stealth). [Lacertilian growth]
  3944 | D:4      | Reached XP level 7. HP: 19/49 MP: 8/8
  4325 | D:4      | Reached skill level 5 in Fighting
  4523 | D:5      | Entered Level 5 of the Dungeon
  4547 | D:5      | Reached skill level 1 in Polearms
  4756 | D:5      | Noticed Menkaure
  4768 | D:5      | Mangled by Menkaure

Vault maps used:
D:1:      evilmike_arrival_home_sweet_home, serial_bayou_lake_a
D:2:      first_bread, led_sif_pool
D:4:      grunt_ministairs_4, uniq_purgy
D:5:      nicolae_tso_swordbearing_angel, uniq_sigmund, uniq_blork_the_orc,
          uniq_menkaure

Action                   |  1- 3 |  4- 6 |  7- 9 || total
-------------------------+-------+-------+-------++-------
Melee: Short sword       |   113 |       |       ||   113
       Flail             |       |    98 |       ||    98
       Hand axe          |       |     6 |       ||     6
       Halberd           |       |   197 |    71 ||   268
Evoke: Wand              |    13 |    21 |     4 ||    38
 Stab: Sleeping          |     1 |       |       ||     1
  Eat: Beef jerky        |       |     2 |       ||     2
       Bread ration      |       |     2 |       ||     2
